 Dungeon Crawl Stone Soup version 0.29-a0-495-g17b79114eb (webtiles) character file.

Game seed: 12239920239119465955

286 zeratav the Ruffian (level 6, -3/59 HPs)
             Began as a Troll Fighter on May 27, 2022.
             Slain by Blork the orc
             ... wielding a +0 halberd
              (12 damage)
             ... on level 5 of the Dungeon.
             The game lasted 00:03:46 (2263 turns).

zeratav the Ruffian (Troll Fighter)                 Turns: 2263, Time: 00:03:46

Health: -3/59      AC:  4    Str: 27    XL:     6   Next: 8%
Magic:  5/5        EV:  8    Int:  4    God:
Gold:   209        SH: 12    Dex:  9    Spells: 5/5 levels left

rFire   + . .      SeeInvis .   u - +9 falchion of Mourning {speed, rPois rF+, long}
rCold   . . .      Faith    .   b - +0 kite shield
rNeg    . . .      Spirit   .   a - +0 robe
rPois   +          Reflect  +   (helmet restricted)
rElec   .          Harm     .   (no cloak)
rCorr   .          Rampage  .   (gloves unavailable)
Will    .....                   (boots unavailable)
Stlth   +.........              q - amulet of reflection
HPRegen 0.99/turn               s - ring of poison resistance
MPRegen 0.09/turn               (no ring)

@: no status effects
A: large, unfitting armour, claws 3, regeneration 1, shaggy fur 1, tough skin 1
a: no special abilities


You were on level 5 of the Dungeon.
You visited 1 branch of the dungeon, and saw 5 of its levels.

You collected 209 gold pieces.


Innate Abilities, Weirdness & Mutations

You are too large for most types of armour.
You have claws for hands.
Your natural rate of healing is unusually fast.
You are covered in fur. (AC +1)
You have tough skin. (AC +1)


   Skills:
 - Level 2.4 Fighting
 - Level 2.4 Dodging
 - Level 2.6 Shields
 + Level 6.4 Unarmed Combat


You had 5 spell levels left.
You didn't know any spells.
Your spell library contained the following spells:

 Spells                   Type           Power      Damage    Failure   Level
 Magic Dart               Conj           0%         1d3       80%         1
 Summon Small Mammal      Summ           0%         N/A       80%         1
 Searing Ray              Conj           0%         2d4       91%         2
 Call Canine Familiar     Summ           0%         N/A       99%         3
 Gell's Gravitas          Tloc           0%         N/A       99%         3
 Lesser Beckoning         Tloc           0%         N/A       99%         3
 Stone Arrow              Conj/Erth      0%         3d7       99%         3
 Summon Guardian Golem    Hex/Summ       0%         N/A       99%         3
 Teleport Other           Tloc           0%         N/A       99%         3
 Animate Armour           Summ/Erth      0%         N/A       100%        4
 Fulminant Prism          Conj/Hex       0%         3d6       100%        4
 Lehudib's Crystal Spear  Conj/Erth      0%         10d2      100%        8

Inventory:

Hand Weapons
 u - the +9 falchion of Mourning (weapon) {speed, rPois rF+, long}
   (You found it on level 3 of the Dungeon)

   Attacks with this weapon are significantly faster.
   rF:        It protects you from fire.
   rPois:     It protects you from poison.
Missiles
 i - 5 large rocks (quivered) {=fthrowing}
Armour
 a - a +0 robe (worn)
 b - a +0 kite shield (worn)
 x - a +0 robe
   (You found it on level 4 of the Dungeon)
Jewellery
 p - a ring of ice
   (You found it on level 2 of the Dungeon)
 q - an amulet of reflection (around neck)
   (You found it on level 4 of the Dungeon)
 s - a ring of poison resistance (left claw)
   (You found it on level 3 of the Dungeon)
Wands
 w - a wand of iceblast (12)
   (You found it on level 3 of the Dungeon)
Scrolls
 e - a scroll of magic mapping {unknown}
 f - a scroll of fear {unknown}
 h - a scroll of poison {unknown}
 j - a scroll of enchant armour {unknown}
 k - 3 scrolls of teleportation {unknown}
 l - 9 scrolls of identify {unknown}
 n - a scroll of brand weapon {unknown}
 t - 3 scrolls of enchant weapon {unknown}
Potions
 c - 3 potions of might
 d - 2 potions of heal wounds {unknown}
 g - a potion of curing {unknown}
 m - 2 potions of lignification {unknown}
 o - 2 potions of attraction {unknown}
 r - a potion of invisibility
 v - a potion of flight {unknown}

Dungeon Overview and Level Annotations

Branches:
Dungeon (5/15)
 Temple: D:4-7

Altars:

Annotations:
D:3 1 runed translucent door, sirJeffrey23's ghost, amateur DsMo
D:5 Blork the orc

### #. #.# .. #.# ### #.
#.## #.# #. #..# #.#
###.## ######..####..
...{# #.......#....#
#.Y# #(###...'....'
#.@###..###..#....#
#............####.#
#....................
#.#.#......#...#.##.#
.........(...........#
....#.#.###........####
..#....#.#...)..........
...................###.#
........# #..####......


You could see an ice beast.


Message History

No target in view!
No target in view!
No target in view!
No target in view!
No target in view!
No target in view!
No target in view!
Things that are here:
a +0 dagger {short}; a goblin corpse
There is an open door here.
You open the door.
Found a stone staircase leading down.
There is an open door here.
Done exploring.
Done exploring.
Done exploring.
(D) Dungeon
Where to? (Enter - D:4, ? - help)
There is a stone staircase leading down here.
You climb downwards.
There is a stone staircase leading up here.
An orc is nearby!
You hit the orc. You block the orc's attack.
You hit the orc. The orc hits you with a +0 hand axe.
HP[-2]
You take 2 damage, and now have 57/59 hp.
You closely miss the orc. You block the orc's attack.
HP[+1]
You hit the orc. You block the orc's attack.
HP[+1]
Your hp is fully restored (59).
You hit the orc.
You kill the orc!
No target in view!
No target in view!
No target in view!
No target in view!
No target in view!
No target in view!
No target in view!
No target in view!
No target in view!
Things that are here:
a +0 hand axe {axe}; a +0 leather armour
o - 2 bubbling grey potions (gained 1)
c - 3 potions of might (gained 1)
You open the door.
There is an open door here.
You open the door.
There is an open door here.
You open the door.
There is an open door here.
You see here 10 stones {throwing}.
Blork the orc comes into view.
He is wielding a +0 halberd.
Blork the orc shouts!
An ice beast comes into view.
Okay, then.
You throw a large rock {=fthrowing}.
The large rock {=fthrowing} closely misses Blork the orc.
Blork the orc screams, "I'll break your legs!"
Blork the orc drinks a potion.
Blork the orc flickers and vanishes!
Deactivating autopickup; reactivate with Ctrl-A.
You hear some strange, mumbled words.
A puff of frost appears from out of thin air!
The puff of frost reflects off an invisible shield around you!
Something hits you!
HP[-11]
You take 11 damage, and now have 48/59 hp.
You throw a large rock {=fthrowing}.
The large rock {=fthrowing} hits the ice beast!
You block something's attack. Something hits you.
You block the ice beast's attack.
HP[-3]
You take 3 damage, and now have 45/59 hp.
You hit the ice beast but do no damage. The ice beast barely misses you.
Something hits you!
HP[-13]
You take 13 damage, and now have 32/59 hp.
MASSIVE DAMAGE!! (PAUSE)
You are too injured to fight recklessly!
You are too injured to fight recklessly!
You hit the ice beast.
You hear some strange, mumbled words.
The ice beast hits you. The ice beast freezes you.
* * * LOW HITPOINT WARNING * * *
HP[-5]
You take 5 damage, and now have 27/59 hp.
You hit the ice beast but do no damage. Something hits you.
* * * LOW HITPOINT WARNING * * *
The ice beast hits you.
* * * LOW HITPOINT WARNING * * *
The ice beast freezes you!
* * * LOW HITPOINT WARNING * * *
HP[-9]
You take 9 damage, and now have 18/59 hp.
You hit the ice beast but do no damage. Something hits you!
* * * LOW HITPOINT WARNING * * *
Something hits you!
You die...

Skill      XL: |  1  2  3  4  5 |
---------------+----------------+-----
Unarmed Combat | 3 4 5 6 |  6.4
Fighting       | |  2.4
Dodging        | |  2.4
Shields        | |  2.6

Action                   |  1- 3 |  4- 6 || total
-------------------------+-------+-------++-------
Melee: Unarmed           |   138 |    19 ||   157
       Falchion          |       |    79 ||    79
Throw: Large rock        |       |     2 ||     2
Armor: Robe              |    45 |    15 ||    60
Dodge: Dodged            |    45 |    26 ||    71
Block: Kite shield       |    44 |    37 ||    81
       Reflection        |       |     1 ||     1

Levels and vault maps discovered:
D:1:      dpeg_arrival_houses_and_road, layout_basic, minmay_tetromino_l4
D:2:      layout_rooms, dreamdust_ecumenical_altar_hidden_monk_grotto,
          corner_web_ring, amethyst_killhole, minmay_shallow_snake_nest
D:3:      layout_basic, hellmonk_ghost_happy_afterlife
D:4:      layout_gridville, minmay_diced_spiral
D:5:      layout_basic, ebering_dispersal_statue_hall, minmay_hedge_maze,
          skrybe_limestone_x, uniq_blork_the_orc

Notes
Turn   | Place    | Note
-------+----------+-------------------------------------------
     0 | D:1      | zeratav the Troll Fighter began the quest for the Orb.
     0 | D:1      | Reached XP level 1. HP: 22/22 MP: 0/0
     0 | D:1      | magus.rc [v1.9.6]
   108 | D:1      | Reached XP level 2. HP: 29/29 MP: 1/1
   112 | D:1      | You pick up a book of Armaments and begin reading...
   112 | D:1      | You add the spells Stone Arrow, Animate Armour and
                  | Lehudib's Crystal Spear to your library.
   279 | D:1      | Reached skill level 3 in Unarmed Combat
   308 | D:1      | You pick up a book of Displacement and begin reading...
   308 | D:1      | You add the spells Lesser Beckoning, Gell's Gravitas and
                  | Teleport Other to your library.
   627 | D:1      | Reached XP level 3. HP: 36/36 MP: 2/2
   810 | D:2      | Reached skill level 4 in Unarmed Combat
  1197 | D:2      | Found a faded altar of an unknown god.
  1241 | D:3      | Reached XP level 4. HP: 41/44 MP: 3/3
  1277 | D:3      | Found a runed translucent door.
  1277 | D:3      | Noticed sirJeffrey23's ghost (amateur DsMo)
  1321 | D:3      | You pick up a book of Callings and begin reading...
  1321 | D:3      | You add the spells Summon Small Mammal, Call Canine
                  | Familiar and Summon Guardian Golem to your library.
  1358 | D:3      | Reached skill level 5 in Unarmed Combat
  1450 | D:3      | Identified the +9 falchion of Mourning {speed, rPois rF+}
  1518 | D:3      | You pick up a book of Conjurations {@e2} and begin
                  | reading...
  1518 | D:3      | You add the spells Magic Dart, Searing Ray and Fulminant
                  | Prism to your library.
  1784 | D:4      | Noticed a scorpion
  1793 | D:4      | Killed a scorpion
  1794 | D:4      | Reached XP level 5. HP: 36/50 MP: 4/4
  1846 | D:4      | Reached skill level 6 in Unarmed Combat
  1958 | D:4      | Reached XP level 6. HP: 57/59 MP: 5/5
  2181 | D:5      | Entered Level 5 of the Dungeon
  2256 | D:5      | Noticed Blork the orc
  2256 | D:5      | Noticed an ice beast
  2263 | D:5      | HP: 9/59 [something (10)]
  2263 | D:5      | Slain by Blork the orc

Vanquished Creatures
  A scorpion (D:4)
  An iguana (D:4)
  6 gnolls
  5 adders
  2 worms
  5 dart slugs
  2 orcs
  5 endoplasms
  3 giant cockroaches
  7 hobgoblins
  10 jackals
  6 kobolds
  13 ball pythons
  5 bats
  3 frilled lizards
  7 goblins
  6 rats
87 creatures vanquished.

Vanquished Creatures (others)
  2 plants (D:2)
2 creatures vanquished.

Grand Total: 89 creatures vanquished

Table legend:
 A = Non-vault XP
 B = Vault XP
 C = Vault XP percentage of total XP
 D = Non-vault monster count
 E = Vault monster count
 F = Vault count percentage of total count
                 A         B        C        D         E       F
            +---------+---------+-------+---------+---------+-------
      Total |     368 |      41 |  10.0 |      75 |      12 |  13.8
            +---------+---------+-------+---------+---------+-------
        D:1 |      39 |       2 |   4.9 |      23 |       2 |   8.0
        D:2 |      33 |      20 |  37.7 |      17 |       6 |  26.1
        D:3 |      98 |       0 |   0.0 |      19 |       0 |   0.0
        D:4 |     195 |      19 |   8.9 |      15 |       4 |  21.1
        D:5 |       3 |       0 |   0.0 |       1 |       0 |   0.0
            +---------+---------+-------+---------+---------+-------

Illustrated notes

Table legend:
 A = Kills in this place as a percentage of kills in entire the game.
 B = Kills by you in this place as a percentage of kills by you in the entire game.
 C = Kills by friends in this place as a percentage of kills by friends in the entire game.
 D = Other kills in this place as a percentage of other kills in the entire game.
 E = Experience gained in this place as a percentage of experience gained in the entire game.
 F = Experience gained in this place divided by the number of levels of this place that you have seen.
                   A       B       C       D       E      F
               +-------+-------+-------+-------+-------+----------------------
         Total | 100.0 | 100.0 |   N/A |   N/A | 100.0 |  81.8
       Dungeon | 100.0 | 100.0 |   N/A |   N/A | 100.0 |  81.8
               +-------+-------+-------+-------+-------+----------------------

Table legend: (Time is in decaauts)
 A = Elapsed time spent in this place.
 B = Non-inter-level travel time spent in this place.
 C = Inter-level travel time spent in this place.
 D = Time resting spent in this place.
 E = Time spent auto-exploring this place.
 F = Levels seen in this place.
 G = Mean time per level.
                   A        B        C        D        E       F      G
               +--------+--------+--------+--------+--------+-----+--------+
         Total |   2274 |   2147 |    127 |      0 |   1635 |   5 |  454.8 |
       Dungeon |   2274 |   2147 |    127 |      0 |   1635 |   5 |  454.8 |
               +--------+--------+--------+--------+--------+-----+--------+

Top non-repeatable levels by time:
     D:1: 714 daAuts
     D:3: 559 daAuts
     D:2: 520 daAuts
     D:4: 396 daAuts
     D:5: 84 daAuts
